Selects Australian Defense Battlegroup
Selects Australian Light Infantry Section
Australian Light Infantry Section
Australian Light Infantry Section
Construct Section Command Post
Construct Platoon Command Post
Australian Light Infantry Section
Unlock Bishop Self-propelled Artillery
Selects Defensive Tactics
Selects CMP 15cwt Supply Run
Bishop Self-propelled Artillery
6-pounder Anti-tank Gun Team
Selects Reinforced Resource Caches